 Dungeon Crawl Stone Soup version 0.26-a0-651-gb41185065b (webtiles) character file.

Game seed: 10474870887415084481

47 gbos the Sneak (level 3, 0/37 HPs)
             Began as a Naga Wanderer on Oct 11, 2020.
             Slain by a goblin (3 damage)
             ... led by Robin
             ... on level 3 of the Dungeon.
             The game lasted 00:01:56 (1522 turns).

gbos the Sneak (Naga Wanderer)                      Turns: 1522, Time: 00:01:56

Health: 0/37       AC:  4    Str: 16    XL:     3   Next: 70%
Magic:  3/3        EV:  8    Int: 11    God:
Gold:   87         SH:  0    Dex: 10    Spells: 2/2 levels left

rFire    . . .     SeeInvis +   a - +2 dagger
rCold    . . .     Faith    .   (no shield)
rNeg     . . .     Spirit   .   c - +0 ring mail
rPois    +         Reflect  .   (no helmet)
rElec    .         Harm     .   i - +0 cloak
rCorr    .         Rampage  .   (no gloves)
MR       .....                  (no barding)
Stlth    ++........             (no amulet)
HPRegen  0.12/turn              (no ring)
MPRegen  0.08/turn              (no ring)

@: very slow
A: large, see invisible, deformed body, poison resistance, slowness 2, spit
poison 1, AC +1
a: Spit Poison


You were on level 3 of the Dungeon.
You visited 1 branch of the dungeon, and saw 3 of its levels.

You collected 87 gold pieces.


Innate Abilities, Weirdness & Mutations

You cannot wear boots.
Your serpentine skin is tough. (AC +1)
You have supernaturally acute eyesight. (SInv)
Armour fits poorly on your strangely shaped body.
Your system is resistant to poisons. (rPois)
You cover ground very slowly.
You can spit poison.


   Skills:
 + Level 4.7 Fighting
   Level 2.0 Axes
 - Level 1.0 Armour
 + Level 5.8 Stealth


You had 2 spell levels left.
You didn't know any spells.
Your spell library was empty.

Inventory:

Hand Weapons
 a - a +2 dagger (weapon)
Armour
 c - a +0 ring mail (worn)
 i - a +0 cloak (worn)
 l - a +0 pair of gloves
Jewellery
 k - an uncursed ring of magical power {unknown}
Scrolls
 d - a scroll of teleportation {@r4}
 f - a scroll of fog {unknown}
 h - 2 scrolls of enchant armour {unknown}
Potions
 b - a potion of heal wounds {@q2}
 e - a potion of stabbing {unknown}
 g - a potion of might {unknown}
 j - a potion of lignification {unknown}

Dungeon Overview and Level Annotations

Branches:
Dungeon (3/15)

Altars:
Ashenzari

Annotations:
D:2 Robin

▒...!▒
▒▒....▒▒ ▒
......▒ ▒.
▒.....▒
▒.▒▒.....
.......
▒...▒▒
▒..Ng▒▒▒▒
▒.lrKKg.▒▒
▒......▒▒..


You could see a quokka, 2 goblins, 2 kobolds and a frilled lizard.


Message History

* * * LOW HITPOINT WARNING * * *
The goblin hits you with a +0 dagger.
* * * LOW HITPOINT WARNING * * *
The goblin barely misses you.
You hit the goblin.
You kill the goblin!
The goblin closely misses you.
You barely miss the kobold. The kobold barely misses you.
The goblin closely misses you.
Unknown command.
Use which ability? (? or * to list)
Aim: a kobold, wielding a +0 club The splash of poison misses the kobold.
The kobold hits you but does no damage. The goblin hits you.
* * * LOW HITPOINT WARNING * * *
Unknown command.
You hit the kobold.
The kobold is moderately wounded.
The kobold closely misses you. The kobold barely misses you.
The goblin hits you but does no damage.
You have got your breath back.
The goblin hits you but does no damage.
The quokka bites you but does no damage.
The frilled lizard bites you but does no damage.
The kobold hits you but does no damage. The goblin hits you.
You die...

Action                   || total
-------------------------++-------
Melee: Dagger            ||   112
 Abil: Spit Poison       ||     7
 Stab: Sleeping          ||     4
Armor: Ring mail         ||    46
Dodge: Dodged            ||    64

Levels and vault maps discovered:
D:1:      lightli_arrival_isolated_outpost, layout_basic,
          evilmike_ruin_ashenzari
D:2:      layout_basic, old_standard_altar, nicolae_ru_the_path_less_chosen,
          uniq_robin
D:3:      layout_rooms, fedhas_altar_fruit_tree, roderic_batcave,
          kennysheep_orc_chapel

Notes
Turn   | Place    | Note
-------+----------+-------------------------------------------
     0 | D:1      | gbos the Naga Wanderer began the quest for the Orb.
     0 | D:1      | gbos set off with the following items: a +2 dagger, a
                  | potion of heal wounds {@q2}, a +0 ring mail, a scroll of
                  | teleportation {@r4}
     0 | D:1      | Reached XP level 1. HP: 22/22 MP: 1/1
    93 | D:1      | Reached XP level 2. HP: 26/30 MP: 2/2
    99 | D:1      | Reached skill level 5 in Stealth
   882 | D:1      | Reached XP level 3. HP: 36/37 MP: 3/3
   890 | D:1      | Found a broken altar of Ashenzari.
  1502 | D:2      | Noticed Robin
  1520 | D:3      | HP: 3/37 [goblin[Robin] (1)]
  1522 | D:3      | Slain by a goblin

Vanquished Creatures
  An ooze (D:1)
  A dart slug (D:2)
  7 hobgoblins
  6 jackals (D:2)
  A ball python (D:1)
  4 bats
  A frilled lizard (D:2)
  7 goblins
  2 kobolds
  8 rats
38 creatures vanquished.
